 Dungeon Crawl Stone Soup version 0.30-a0-122-g2a1322497e (webtiles) character file.

Game seed: 17154630351395122573

3173 MisterAzrael the Thaumaturge (level 9, -9/47 HPs)
             Began as a Deep Elf Hedge Wizard on Sept 16, 2022.
             Was a Believer of Sif Muna.
             Mangled by Maurice
             ... wielding a +2 scimitar of flaming
              (18 damage)
             ... on level 8 of the Dungeon.
             The game lasted 00:24:09 (8603 turns).

MisterAzrael the Thaumaturge (DEHW)                 Turns: 8603, Time: 00:24:10

Health: -9/47      AC:  4    Str:  7    XL:     9   Next: 63%
Magic:  8/33       EV: 12    Int: 24    God:    Sif Muna [**....]
Gold:   390        SH:  0    Dex: 14    Spells: 6/26 levels left

rFire   + . .      SeeInvis .    g - +1 dagger (drain)
rCold   . . .      Faith    .    (no shield)
rNeg    . . .      Spirit   .    b - +0 robe
rPois   .          Reflect  .    c - +0 hat
rElec   .          Harm     .    (no cloak)
rCorr   +          Rampage  .    (no gloves)
Will    .....                    u - +1 pair of boots {Stlth+}
Stlth   +++.......               s - amulet of regeneration
HPRegen 0.95/turn                r - ring of Salvation {rCorr MP+9}
MPRegen 0.23/turn                o - ring of protection from fire

@: mighty, attractive
A: beak, mutation resistance 1, sturdy frame 1
a: Renounce Religion, Channel Magic


You were on level 8 of the Dungeon.
You worshipped Sif Muna.
Sif Muna was pleased with you.
You visited 1 branch of the dungeon, and saw 8 of its levels.

You collected 390 gold pieces.

Inventory:

Hand Weapons
 a - a +0 dagger
 g - a +1 dagger of draining (weapon)
Armour
 b - a +0 robe (worn)
 c - a +0 hat (worn)
 i - a +0 pair of boots
 u - a +1 pair of boots of stealth (worn)
Jewellery
 o - a ring of protection from fire (right hand)
 r - the ring of Salvation (left hand) {rCorr MP+9}
   (You found it on level 3 of the Dungeon)

   [ring of magical power]

   MP:        It affects your magic capacity (+9).
   rCorr:     It protects you from acid and corrosion.
 s - an amulet of regeneration (around neck)
 t - a ring of positive energy
 v - an amulet of reflection
Wands
 n - a wand of paralysis (3)
 C - a wand of iceblast (12)
 E - a wand of acid (7)
 F - a wand of flame (24)
Scrolls
 e - 2 scrolls of amnesia
 f - 4 scrolls of immolation
 j - 3 scrolls of identify
 l - a scroll of poison {unknown}
 p - a scroll of enchant armour
 q - a scroll of butterflies
 x - a scroll of magic mapping {unknown}
 y - a scroll of noise {unknown}
 H - a scroll of blinking {unknown}
Potions
 m - a potion of curing
 A - a potion of might
 G - a potion of flight {unknown}
 J - a potion of lignification {unknown}


   Skills:
 + Level 1.5 Fighting
 - Level 3.8 Short Blades
 - Level 2.4 Dodging
 - Level 2.4 Stealth
 + Level 9.1 Spellcasting
 * Level 8.2 Conjurations
 - Level 5.7 Hexes
 * Level 3.5 Summonings
 - Level 1.1 Translocations
 + Level 4.2 Air Magic
 - Level 4.4 Invocations


You had 6 spell levels left.
You knew the following spells:

 Your Spells              Type           Power      Damage    Failure   Level
a - Magic Dart            Conj           100%       1d8       1%          1
b - Blink                 Tloc           32%        N/A       5%          2
c - Call Imp              Summ           28%        N/A       1%          2
d - Tukima's Dance        Hex            38%        N/A       1%          3
e - Ensorcelled Hibernat  Hex/Ice        48%        N/A       2%          2
f - Lightning Bolt        Conj/Air       20%        1d35      12%         5
g - Slow                  Hex            100%       N/A       1%          1
h - Summon Lightning Spi  Summ/Air       29%        N/A       12%         4

Your spell library contained the following spells:

 Spells                   Type           Power      Damage    Failure   Level
 Poisonous Vapours        Pois/Air       42%        N/A       3%          2
 Mephitic Cloud           Conj/Pois/Air  31%        N/A       3%          3
 Cigotuvi's Dreadful Rot  Necr/Pois/Air  34%        N/A       4%          2
 Portal Projectile        Hex/Tloc       54%        N/A       4%          3
 Airstrike                Air            15%        2d(3-19)  10%         4
 Spider Form              Tmut/Pois      11%        N/A       17%         3
 Anguish                  Hex/Necr       12%        N/A       19%         4
 Blade Hands              Tmut           5%         N/A       85%         5


Dungeon Overview and Level Annotations

Branches:
Dungeon (8/15)             Temple (0/1) D:6
   Lair: D:8-11

Altars:
Kikubaaqudgha
Nemelex Xobeh
Okawaru
Ru
Sif Muna
Trog
Yredelemnul

Shops:
D:2 ?

Annotations:
D:6 2 runed translucent doors, HilariousDeathArtist's ghost, weakling GrDe
D:8 Maurice


Innate Abilities, Weirdness & Mutations

You have a beak for a mouth.
You are somewhat resistant to further mutation.
Your movements are slightly less encumbered by armour. (ER -2)


Message History

Aiming: Lightning Bolt (quite dangerous; 12% risk of failure)
Press: ? - help, Shift-Dir - straight line You hear a mighty clap of thunder!
Something hits you!
Something steals your 4 potions of cancellation!
Something burns you.
Casting: Lightning Bolt (quite dangerous; 12% risk of failure)
Confirm with . or Enter, or press ? or * to list all spells.
The spell is quite dangerous to miscast (12% risk of failure)!
Continue anyway?
Aiming: Lightning Bolt (quite dangerous; 12% risk of failure)
Press: ? - help, Shift-Dir - straight line You hear a mighty clap of thunder!
You hear a zap.
A bolt of acid appears from out of thin air!
The bolt of acid hits you! You resist.
* * * LOW HITPOINT WARNING * * *
It was a potion of might.
You feel very mighty all of a sudden. Something hits you!
* * * LOW HITPOINT WARNING * * *
Something steals your scroll labelled VOKUINKAKHLE!
Something burns you.
* * * LOW HITPOINT WARNING * * *
Okay, then.
Casting: Lightning Bolt (quite dangerous; 12% risk of failure)
Confirm with . or Enter, or press ? or * to list all spells.
You blink.
Something drops a +0 leather armour.
Something picks up a +1 robe of willpower.
It was a potion of attraction.
You feel attractive to monsters. Something is attracted toward you.
It was a potion of heal wounds.
You feel much better. Something hits you!!
* * * LOW HITPOINT WARNING * * *
Something steals your 3 throwing nets! Something burns you.
* * * LOW HITPOINT WARNING * * *
Okay, then.
Okay, then.
You feel better.
You feel stable enough to blink again. Something hits you!!
You die...

#........#
#####........##
...............
...............
#.............#
###.............# ..
#...............# ...
#.........@##.####.##
#........{........)..
####..............).#
#.......ยง........)..#
#...[.[..........#
#######.#........#
#.###.####.#
#.....<....#
#..##.######


There were no monsters in sight!

Vanquished Creatures
  Erica (D:8)
  Pikel (D:7)
  A nameless horror (D:6)
  Prince Ribbit (D:7)
  A hornet (D:8)
  A wyvern (D:8)
  An ice beast (D:7)
  A sky beast (D:7)
  An ogre (D:7)
  A lemure (D:7)
  A phantom (D:7)
  4 scorpions
  A howler monkey (D:6)
  2 jellies
  A quasit (D:4)
  2 hounds
  An orc priest (D:8)
  Jessica (D:2)
  2 iguanas
  4 orc wizards
  Natasha (thrice) (D:2)
  3 adders
  3 shadow imps (D:4)
  4 white imps
  5 ufetubi
  A dart slug (D:1)
  15 orcs
  10 endoplasms
  8 goblins
  6 hobgoblins
  5 jackals
  10 kobolds
  A quokka (D:4)
  8 ball pythons
  3 bats
  2 frilled lizards
  15 rats
131 creatures vanquished.

Vanquished Creatures (collateral kills)
  A water moccasin (D:6)
  A lemure (D:7)
  A phantom (D:7)
  A howler monkey (D:7)
  A quasit (D:4)
  2 orc priests
  A shadow imp (D:4)
  2 worms
  A dart slug (D:1)
  4 orcs
  A ball python (D:1)
  A giant cockroach (D:1)
  A goblin (D:3)
  A hobgoblin (D:1)
  A jackal (D:1)
  A quokka (D:3)
  12 rats
33 creatures vanquished.

Vanquished Creatures (others)
  A dancing weapon (D:2)
  3 demonic plants (D:4)
  2 plants (D:6)
6 creatures vanquished.

Grand Total: 170 creatures vanquished

Notes
Turn   | Place    | Note
-------+----------+-------------------------------------------
     0 | D:1      | MisterAzrael the Deep Elf Hedge Wizard began the quest for
                  | the Orb.
     0 | D:1      | Reached XP level 1. HP: 10/10 MP: 7/7
   210 | D:1      | Reached XP level 2. HP: 12/15 MP: 3/9
   384 | D:1      | Learned a level 2 spell: Blink
   387 | D:1      | Learned a level 2 spell: Call Imp
   469 | D:1      | Reached skill level 5 in Spellcasting
   718 | D:1      | Reached XP level 3. HP: 11/19 MP: 5/11
   924 | D:1      | Found a faded altar of an unknown god.
  1103 | D:1      | Learned a level 3 spell: Tukima's Dance
  1363 | D:2      | Found Deadin's Magic Scroll Shoppe.
  1459 | D:2      | Reached skill level 1 in Hexes
  1645 | D:2      | Noticed Jessica
  1663 | D:2      | Killed Jessica
  1664 | D:2      | Reached XP level 4. HP: 9/24 MP: 3/13
  1950 | D:2      | Noticed Natasha
  1954 | D:2      | Killed Natasha
  1968 | D:2      | Noticed Natasha
  1974 | D:2      | Killed Natasha
  2183 | D:2      | Noticed Natasha
  2189 | D:2      | Killed Natasha
  2190 | D:2      | Reached XP level 5. HP: 13/28 MP: 8/15
  2682 | D:3      | Identified the ring of Salvation {rCorr MP+9}
  2866 | D:3      | Reached skill level 6 in Spellcasting
  2962 | D:3      | Found a shimmering blue altar of Sif Muna.
  2974 | D:3      | Became a worshipper of Sif Muna the Loreminder
  3465 | D:3      | Learned a level 2 spell: Ensorcelled Hibernation
  3592 | D:3      | Found a basalt altar of Yredelemnul.
  4017 | D:4      | Reached XP level 6. HP: 18/32 MP: 17/17
  4020 | D:5      | Entered Level 5 of the Dungeon
  4123 | D:4      | Reached * piety under Sif Muna
  4353 | D:4      | Reached skill level 5 in Hexes
  4750 | D:4      | Reached skill level 1 in Invocations
  5078 | D:5      | Reached skill level 1 in Short Blades
  5078 | D:5      | Reached XP level 7. HP: 25/36 MP: 7/19
  5218 | D:5      | Learned a level 5 spell: Lightning Bolt
  5242 | D:5      | Found a bloodstained altar of Trog.
  5431 | D:5      | Found an ancient bone altar of Kikubaaqudgha.
  5606 | D:6      | Reached skill level 7 in Spellcasting
  5689 | D:6      | Noticed Pikel
  5693 | D:6      | Gained mutation: You occasionally lose the ability to drink
                  | potions when taking damage. [potion of mutation]
  5693 | D:6      | Gained mutation: You are frail. (-10% HP) [potion of
                  | mutation]
  5694 | D:6      | Lost mutation: You are frail. (-10% HP) [potion of
                  | mutation]
  5694 | D:6      | Lost mutation: You occasionally lose the ability to drink
                  | potions when taking damage. [potion of mutation]
  5694 | D:6      | Gained mutation: You have a beak for a mouth. [potion of
                  | mutation]
  5694 | D:6      | Gained mutation: You are somewhat resistant to further
                  | mutation. [potion of mutation]
  5694 | D:6      | Gained mutation: Your movements are slightly less
                  | encumbered by armour. (ER -2) [potion of mutation]
  5788 | D:7      | Reached skill level 5 in Conjurations
  5788 | D:7      | Reached skill level 1 in Air Magic
  5816 | D:7      | Reached ** piety under Sif Muna
  6065 | D:7      | Reached XP level 8. HP: 41/41 MP: 21/21
  6106 | D:7      | Noticed Prince Ribbit
  6310 | D:7      | Killed Prince Ribbit
  6451 | D:7      | Found a sparkling altar of Nemelex Xobeh.
  7200 | D:7      | Learned a level 1 spell: Slow
  7205 | D:7      | Learned a level 4 spell: Summon Lightning Spire
  7281 | D:7      | Killed Pikel
  7282 | D:7      | Reached skill level 8 in Spellcasting
  7377 | D:6      | Reached XP level 9. HP: 45/45 MP: 23/23
  7447 | D:6      | Found a staircase to the Ecumenical Temple.
  7591 | D:6      | Found an iron altar of Okawaru.
  7655 | D:6      | Found a large runed translucent door.
  7655 | D:6      | Found a large runed translucent door.
  7657 | D:6      | Noticed HilariousDeathArtist's ghost (weakling GrDe)
  7722 | D:6      | Noticed a nameless horror
  7753 | D:6      | Killed a nameless horror
  8041 | D:6      | Found a sacrificial altar of Ru.
  8555 | D:8      | Noticed Erica
  8561 | D:8      | Killed Erica
  8562 | D:8      | Reached skill level 1 in Fighting
  8562 | D:8      | Reached skill level 9 in Spellcasting
  8584 | D:8      | Noticed Maurice
  8599 | D:8      | HP: 2/47 [something (10)]
  8603 | D:8      | Mangled by Maurice

Illustrated notes

Levels and vault maps discovered:
D:1:      reono_arrival_mine, layout_rooms,
          shapermc_ecumenical_altar_totnotflames
D:2:      layout_basic, serial_shops, nicolae_shop_behind_doors, minmay_cut_off,
          uniq_jessica, uniq_natasha
D:3:      layout_loops_corners, mainiacjoe_overflow_chevrons, tgw_sif,
          minmay_rat_hole
D:4:      layout_loops_ring, serial_demonic, serial_demonic_e, serial_demonic_a,
          serial_demonic_a, serial_demonic_g, serial_demonic_a,
          serial_demonic_c, serial_demonic_c,
          hangedman_abyss_or_decor_lesser_grid
D:5:      layout_cave_pools, trog_three_pillars_becter,
          mainiacjoe_overflow_six_doors_small
D:6:      layout_rooms, nicolae_ru_sacrificial_ziggurat,
          mainiacjoe_overflow_concentric_impassable,
          minmay_temple_entry_overgrown, ebering_ghost_disaster_area,
          kennysheep_generic_room_2, uniq_pikel
D:7:      layout_basic, nemelex_dance_club_becter, uniq_prince_ribbit1
D:8:      layout_basic, mainiacjoe_overflow_small_starburst, grunt_ministairs_8,
          uniq_maurice, uniq_maggie, uniq_erica

Skill      XL: |  1  2  3  4  5  6  7  8  9 |
---------------+----------------------------+-----
Conjurations   | 2 3 4 5 7 8 |  8.2
Spellcasting   | 5 6 7 8 9 |  9.1
Hexes          | 2 3 4 5 |  5.7
Invocations    | 1 2 4 |  4.4
Short Blades   | 1 2 3 |  3.8
Air Magic      | 1 3 4 |  4.2
Fighting       | 1 |  1.5
Summonings     | 3 |  3.5
Dodging        | |  2.4
Stealth        | |  2.4
Translocations | |  1.1

Action                   |  1- 3 |  4- 6 |  7- 9 || total
-------------------------+-------+-------+-------++-------
Melee: Dagger            |    22 |    65 |    53 ||   140
       Peck              |       |       |     3 ||     3
 Cast: Magic Dart        |    80 |   100 |   120 ||   300
       Call Imp          |    10 |    12 |     7 ||    29
       Blink             |     2 |     1 |     5 ||     8
       Tukima's Dance    |     3 |     1 |     3 ||     7
       Ensorcelled Hiber |       |    14 |    11 ||    25
       Slow              |       |       |     2 ||     2
       Summon Lightning  |       |       |     1 ||     1
       Lightning Bolt    |       |       |    20 ||    20
  Use: Potion            |     3 |     2 |    16 ||    21
       Scroll            |     2 |       |     8 ||    10
 Stab: Sleeping          |       |    11 |     6 ||    17
Armor: Robe              |    23 |    37 |    14 ||    74
Dodge: Dodged            |    47 |    47 |    69 ||   163

Table legend: (Time is in decaauts)
 A = Elapsed time spent in this place.
 B = Non-inter-level travel time spent in this place.
 C = Inter-level travel time spent in this place.
 D = Time resting spent in this place.
 E = Time spent auto-exploring this place.
 F = Levels seen in this place.
 G = Mean time per level.
                   A        B        C        D        E       F      G
               +--------+--------+--------+--------+--------+-----+--------+
         Total |   8579 |   8411 |    168 |   1775 |   5043 |   8 | 1072.4 |
       Dungeon |   8579 |   8411 |    168 |   1775 |   5043 |   8 | 1072.4 |
               +--------+--------+--------+--------+--------+-----+--------+

Top non-repeatable levels by time:
     D:7: 1699 daAuts
     D:2: 1488 daAuts
     D:3: 1246 daAuts
     D:1: 1176 daAuts
     D:6: 1038 daAuts
     D:4: 1035 daAuts
     D:5: 655 daAuts
     D:8: 239 daAuts
